 Dungeon Crawl Stone Soup version 0.26-a0-651-gb41185065b (webtiles) character file.

Game seed: 9816003429369959028

(classic levelgen) 99 EnegeticOcto the Sneak (level 4, -1/42 HPs)
             Began as a Deep Dwarf Delver on Oct 23, 2020.
             Slain by a wight
             ... wielding a +3 flail
              (2 damage)
             ... on level 6 of the Dungeon.
             The game lasted 00:01:00 (114 turns).

EnegeticOcto the Sneak (Deep Dwarf Delver)           Turns: 114, Time: 00:01:00

Health: -1/42      AC:  3    Str: 16    XL:     4   Next: 45%
Magic:  4/4        EV: 12    Int: 11    God:
Gold:   21         SH:  0    Dex: 14    Spells: 3/3 levels left

rFire    . . .     SeeInvis .   a - +0 hand axe
rCold    . . .     Faith    .   (no shield)
rNeg     . . .     Spirit   .   b - +0 leather armour
rPois    .         Reflect  .   (no helmet)
rElec    .         Harm     .   (no cloak)
rCorr    .         Rampage  .   (no gloves)
MR       .....                  (no boots)
Stlth    +++.......             (no amulet)
HPRegen  0.00/turn              (no ring)
MPRegen  0.09/turn              (no ring)

@: non-regenerating, heavily drained
A: damage resistance, heal wounds, sense surroundings 1, no regeneration
a: Heal Wounds


You were on level 6 of the Dungeon.
You visited 1 branch of the dungeon, and saw 3 of its levels.

You collected 21 gold pieces.

Inventory:

Hand Weapons
 a - a +0 hand axe (weapon)
 d - the +1 hunting sling of Midwinter {vorpal, rC++ rN+++ Str-5}
   (You found it on level 5 of the Dungeon)

   Any stone fired from it inflicts extra damage.
   It affects your strength (-5).
   It greatly protects you from cold.
   It renders you almost immune to negative energy.
Armour
 b - a +0 leather armour (worn)
Wands
 g - a wand of digging (3) {@v3}
Scrolls
 c - a scroll of fog
 e - a scroll of fear
 h - 3 scrolls of identify {unknown}
Potions
 f - a potion of haste {@q4}


   Skills:
 + Level 3.3(2.1) Fighting
 + Level 3.2(2.0) Axes
 + Level 3.2(1.9) Dodging
 + Level 6.6(5.3) Stealth


You had 3 spell levels left.
You didn't know any spells.
Your spell library was empty.

Dungeon Overview and Level Annotations

Branches:
Dungeon (6/15)
 Temple: D:4-7

Altars:


Innate Abilities, Weirdness & Mutations

You are resistant to damage.
You can heal yourself by infusing magical energy.
You passively map a small area around you.
You do not regenerate.


Message History

You have reached level 3!
Your experience leads to an increase in your attributes!
Increase (s)trength, (i)ntelligence, or (d)exterity?
You feel clever.
You have reached level 4!
You feel stronger.
A quokka skeleton comes into view.
You see here 3 scrolls labeled EMOSOXZAILO.
h - 3 scrolls labeled EMOSOXZAILO You hear the slow rusting of a very distant drain.
Found a falchion.
You open the door.
A quokka skeleton comes into view.
Found a stone staircase leading up.
There is an open door here.
There is a stone staircase leading up here.
You climb upwards.
The leopard gecko hisses angrily.
There is a stone staircase leading down here.
You barely miss the leopard gecko. The leopard gecko barely misses you.
You hit the leopard gecko.
The leopard gecko is moderately wounded.
The leopard gecko bites you.
You hit the leopard gecko.
The leopard gecko is heavily wounded.
The leopard gecko misses you.
The leopard gecko bites you but does no damage.
You barely miss the leopard gecko.
The leopard gecko is heavily wounded.
The leopard gecko bites you but does no damage.
You hit the leopard gecko but do no damage.
The leopard gecko is heavily wounded.
The leopard gecko barely misses you.
As you read the scroll of magic mapping {@r5}, it crumbles to dust.
You feel aware of your surroundings.
You sensed 1 altar.
The leopard gecko bites you.
You slash the leopard gecko!
You kill the leopard gecko!
No target in view!
You climb downwards.
You hear the sound of rushing water.
There is an entrance to a sewer on this level.
Hurry and find it before the portal rusts away!
The quokka skeleton barely misses you. The quokka skeleton misses you.
The quokka skeleton bites you but does no damage. x2
There is a stone staircase leading up here.
Unknown command.
There is an open door here.
Found a robe.
Found a robe.
Things that are here:
a robe; a scorched hunting sling You feel weaker.
d - the +1 hunting sling of Midwinter (weapon)
{vorpal, rC++ rN+++ Str-5}
a - a +0 hand axe (weapon)
The quokka skeleton bites you but does no damage.
Found two stone staircases leading down.
The quokka skeleton bites you but does no damage.
There is a stone staircase leading down here.
The quokka skeleton bites you.
You climb downwards. 4 wights come into view.
There is a stone staircase leading up here.
The helpless wight fails to defend itself.
You hit the wight but do no damage.
The helpless wight fails to defend itself.
You hit the wight. The wight barely misses you.
You hit the wight but do no damage.
The wight is lightly damaged.
You closely miss the wight. The wight closely misses you. x2
You hit the wight but do no damage.
The wight is lightly damaged.
You completely miss the wight. The wight hits you with a +4 mace.
The wight hits you from afar with a +5 trident.
The wight barely misses you.
A wight comes into view. It is wielding a +0 mace.
The wight hits you with a +4 mace.
You feel drained. The wight misses you.
The wight hits you with a cursed +0 mace!
The wight hits you with a +5 trident!
* * * LOW HITPOINT WARNING * * *
You feel drained.
* * * LOW HITPOINT WARNING * * *
You are too injured to fight recklessly!
You are too injured to fight recklessly!
You fail to use your ability.
The wight hits you with a cursed +0 mace.
* * * LOW HITPOINT WARNING * * *
You feel drained. The wight hits you with a +5 trident!
* * * LOW HITPOINT WARNING * * *
You feel much better. The wight barely misses you.
You hit the wight but do no damage.
The wight is lightly damaged.
You hit the wight but do no damage. x3; You closely miss the wight.
The wight hits you with a +4 mace!
You feel drained. The wight hits you with a +5 trident!
* * * LOW HITPOINT WARNING * * *
The wight hits you with a cursed -2 scimitar!
* * * LOW HITPOINT WARNING * * *
The wight hits you with a +3 flail.
You die...

, . ..# * *
.#.# ,
*.#.## * *
,... , *#.#
, * * ##.##
#
#.###<..#.#
,
#....z#z..#
#.###z@z###
*, *,*
##z## * * ,
#.# * * *
*#.# ,
#..,* * *
... , *###
* *


You could see 5 wights.

Vanquished Creatures
  An ogre (D:5)
  A hound skeleton (D:5)
  A leopard gecko (D:4)
3 creatures vanquished.

Notes
Turn   | Place    | Note
-------+----------+-------------------------------------------
     0 | D:5      | EnegeticOcto the Deep Dwarf Delver began the quest for the
                  | Orb.
     0 | D:5      | Reached XP level 1. HP: 20/20 MP: 1/1
    21 | D:5      | Reached XP level 2. HP: 27/27 MP: 2/2
    30 | D:5      | Noticed an ogre
    40 | D:5      | Killed an ogre
    40 | D:5      | Reached XP level 3. HP: 34/34 MP: 3/3
    40 | D:5      | Reached XP level 4. HP: 42/42 MP: 4/4
    94 | D:5      | Got a scorched hunting sling
    94 | D:5      | Identified the +1 hunting sling of Midwinter {vorpal, rC++
                  | rN+++ Str-5} (You found it on level 5 of the Dungeon)
   114 | D:6      | HP: 1/42 [wight/cursed -2 scimitar (9)]
   114 | D:6      | Slain by a wight

Illustrated notes

Levels and vault maps discovered:
D:4:      layout_basic, lemuel_coloured_pillars_altar
D:5:      layout_gridville, portal_sewer_entry_b, uniq_pikel, uniq_eustachio
D:6:      layout_loops_ring, kennysheep_mini_moat, minmay_temple_entry_mist

Skill      XL: |  1  2 |
---------------+-------+-----
Fighting       | 3 |  3.3
Axes           | 3 |  3.2
Dodging        | 3 |  3.2
Stealth        | |  6.6

Action                   |  1- 3 |  4- 6 || total
-------------------------+-------+-------++-------
Melee: Hand axe          |    13 |    10 ||    23
 Abil: Heal Wounds       |       |     1 ||     1
  Use: Scroll            |       |     1 ||     1
 Stab: Sleeping          |     1 |     2 ||     3
Armor: Leather armour    |     2 |     6 ||     8
Dodge: Dodged            |     9 |    11 ||    20

Table legend: (Time is in decaauts)
 A = Elapsed time spent in this place.
 B = Non-inter-level travel time spent in this place.
 C = Inter-level travel time spent in this place.
 D = Time resting spent in this place.
 E = Time spent auto-exploring this place.
 F = Levels seen in this place.
 G = Mean time per level.
                   A        B        C        D        E       F      G
               +--------+--------+--------+--------+--------+-----+--------+
         Total |    116 |    116 |      0 |      0 |      0 |   3 |   38.7 |
       Dungeon |    116 |    116 |      0 |      0 |      0 |   3 |   38.7 |
               +--------+--------+--------+--------+--------+-----+--------+

Top non-repeatable levels by time:
     D:5: 98 daAuts
     D:4: 9 daAuts
     D:6: 9 daAuts
